 Dungeon Crawl Stone Soup version 0.26.1-12-g5ba1501909 (webtiles) character file.

Game seed: 10213861062923959081

56 Zeld the Chucker (level 3, -6/35 HPs)
             Began as a Troll Hunter on Oct 28, 2021.
             Killed by nerve-wracking pain
             ... invoked by an orc priest
              (14 damage)
             ... on level 2 of the Dungeon.
             The game lasted 00:02:39 (911 turns).

Zeld the Chucker (Troll Hunter)                      Turns: 911, Time: 00:02:40

Health: -6/35      AC:  6    Str: 21    XL:     3   Next: 71%
Magic:  2/2        EV: 10    Int:  7    God:
Gold:   90         SH:  0    Dex: 10    Spells: 2/2 levels left

rFire    . . .     SeeInvis .   a - +0 club
rCold    . . .     Faith    .   (no shield)
rNeg     . . .     Spirit   .   b - +0 robe
rPois    .         Reflect  .   (helmet restricted)
rElec    .         Harm     .   (no cloak)
rCorr    .         Rampage  .   (gloves unavailable)
Will     .....                  (boots unavailable)
Stlth    +.........             (no amulet)
HPRegen  0.51/turn              (no ring)
MPRegen  0.08/turn              (no ring)

@: no status effects
A: large, unfitting armour, claws 3, regeneration 1, shaggy fur 1, tough skin 3
a: no special abilities


You were on level 2 of the Dungeon.
You visited 1 branch of the dungeon, and saw 2 of its levels.

You collected 90 gold pieces.

Inventory:

Hand Weapons
 a - a +0 club (weapon)
Missiles
 c - 5 large rocks (quivered)
 d - 2 throwing nets
Armour
 b - a +0 robe (worn)
Scrolls
 e - a scroll of random uselessness {unknown}
 g - a scroll of amnesia {unknown}
 h - 2 scrolls of teleportation {unknown}
 k - 2 scrolls of remove curse {unknown}
 l - a scroll of enchant armour {unknown}
 m - 2 scrolls of identify {unknown}
Potions
 f - 2 potions of flight {unknown}
 i - a potion of cancellation {unknown}
 j - 2 potions of curing {unknown}
 n - a potion of degeneration {unknown}


   Skills:
 * Level 2.2 Fighting
 + Level 0.4 Maces & Flails
 * Level 4.0 Throwing
 + Level 0.5 Armour
 + Level 1.9 Dodging
 + Level 0.7 Stealth


You had 2 spell levels left.
You didn't know any spells.
Your spell library was empty.

Dungeon Overview and Level Annotations

Branches:
Dungeon (2/15)

Altars:
Elyvilon


Innate Abilities, Weirdness & Mutations

You are too large for most types of armour.
You have claws for hands.
Your natural rate of healing is unusually fast.
You are covered in fur. (AC +1)
You have extremely tough skin. (AC +3)


Message History

Beogh smites you!
Found a club.
The orc hits you but does no damage.
You hit the orc.
The orc is moderately wounded.
You barely miss the orc priest. The orc closely misses you.
The orc priest miscasts a cantrip.
You barely miss the orc priest. The orc barely misses you.
The orc priest hits you with a +0 mace.
You hit the orc priest but do no damage.
The orc hits you but does no damage. The orc priest hits you with a +0 mace.
The orc closely misses you.
You barely miss the orc priest. The orc priest closely misses you.
The orc hits you but does no damage.
The orc priest mumbles some strange prayers to Beogh against you.
Beogh smites you!
* * * LOW HITPOINT WARNING * * *
The orc priest mumbles some strange prayers to Beogh against you.
Pain shoots through your body!
You die...

####.####.###..####.###
.....# #.# #..# #
###### #.# #..# ## #.#
#..# .# #.# #..# .# #.#
#..# .# #.#.# #..# .♣
.....##.o####.#### ♣♣
#.....o.@..).... ≈≈
#....##o#####.#### ≈≈≈
♣..♣ #.# ... .. #o. ≈
≈.. ≈ ≈≈.. P ≈PP≈# ♣
≈P≈P♣ .


You could see an orc priest and 2 orcs.

Vanquished Creatures
  An adder (D:2)
  2 oozes (D:1)
  A leopard gecko (D:1)
  7 goblins
  8 hobgoblins
  3 jackals (D:1)
  A quokka (D:2)
  5 bats
  A frilled lizard (D:1)
  4 kobolds (D:1)
  2 rats (D:1)
35 creatures vanquished.

Notes
Turn   | Place    | Note
-------+----------+-------------------------------------------
     0 | D:1      | Zeld the Troll Hunter began the quest for the Orb.
     0 | D:1      | Reached XP level 1. HP: 19/19 MP: 0/0
    63 | D:1      | Reached XP level 2. HP: 26/28 MP: 1/1
   188 | D:1      | Reached XP level 3. HP: 24/35 MP: 2/2
   351 | D:1      | Reached skill level 4 in Throwing
   513 | D:2      | Found a white marble altar of Elyvilon.
   911 | D:2      | Killed from afar by an orc priest

Illustrated notes

Levels and vault maps discovered:
D:1:      erik_arrival_orb_chamber, layout_basic
D:2:      layout_basic, lemuel_zombie_altar_kikubaaqudgha, elyvilon_altar_4,
          serial_bayou_lagoon_b

Skill      XL: |  1  2  3 |
---------------+----------+-----
Fighting       | 2 |  2.2
Throwing       | 4 |  4.0
Maces & Flails | |  0.4
Armour         | |  0.5
Dodging        | |  1.9
Stealth        | |  0.7

Action                   || total
-------------------------++-------
Melee: Unarmed           ||    41
       Club              ||   124
Armor: Robe              ||    87
Dodge: Dodged            ||   115
